 Dungeon Crawl Stone Soup version 0.30.1-4-g462c640d31 (webtiles) character file.

Game seed: 16007595654482768830

149 rddays123 the Caller (level 5, 0/19 (21) HPs)
             Began as a Felid Summoner on Sept 7, 2023.
             Slain by a wight
             ... wielding a +2 dire flail
              (14 damage)
             ... on level 4 of the Dungeon.
             The game lasted 00:24:08 (3980 turns).

rddays123 the Caller (Felid Summoner)               Turns: 3980, Time: 00:24:10

HP:   0/19 (21)     AC:  1    Str:  4    XL:     5   Next: 9%
MP:   7/12          EV: 18    Int: 18    God:
Gold: 1469          SH:  0    Dex: 19    Spells: 6/12 levels left
                                        Lives: 0   Deaths: 1

rFire   + . .        (weapon unavailable)
rCold   . . .        (shield unavailable)
rNeg    . . .        (body armour unavailable)
rPois   .            (helmet unavailable)
rElec   .            (cloak unavailable)
rCorr   +            (gloves unavailable)
SInv    +            (boots unavailable)
Will    .....        (no amulet)
Stlth   +++          e - ring of protection from fire
HPRegen 0.23/turn    A - ring "Paboar" {Fly rCorr Dex+2}
MPRegen 0.13/turn

%: no passive effects
@: flying, drained, quick
A: very small, claws 1, fangs 3, see invisible, speed 1, shaggy fur 1, stealthy
paws, no weapons or thrown items, no armour, multi-lived
a: no special abilities


You were on level 4 of the Dungeon.
You visited 1 branch of the dungeon, and saw 4 of its levels.

You collected 1469 gold pieces.

Inventory:

Hand Weapons
 v - the +2 falchion of Dim Light {speed, rF- rC+ Int+4 SInv}
   (You found it on level 3 of the Dungeon)

   Int:       It affects your intelligence (+4).
   rF:        It makes you vulnerable to fire.
   rC:        It protects you from cold.
   SInv:      It lets you see invisible.
Jewellery
 b - a ring of ice
 e - a ring of protection from fire (left paw)
 g - an amulet of guardian spirit
 o - a +5 ring of evasion
 s - an amulet of faith
 A - the ring "Paboar" (right paw) {Fly rCorr Dex+2}
   (You acquired it on level 2 of the Dungeon)

   [ring of flight]

   Dex:       It affects your dexterity (+2).
   Fly:       It grants you flight.
   rCorr:     It protects you from acid and corrosion.
 B - a ring of resist corrosion
Wands
 x - a wand of polymorph (9)
Scrolls
 c - a scroll of amnesia {unknown}
 d - 2 scrolls of torment {unknown}
 f - 2 scrolls of enchant weapon
 j - 2 scrolls of fog {unknown}
 l - 2 scrolls of magic mapping {unknown}
 n - a scroll of noise {unknown}
 r - a scroll of teleportation {unknown}
 y - a scroll of brand weapon {unknown}
 z - a scroll of vulnerability {unknown}
Potions
 a - a potion of magic
 h - a potion of attraction {unknown}
 i - a potion of brilliance {unknown}
 k - a potion of resistance {unknown}
 m - 4 potions of curing
 p - 2 potions of heal wounds {unknown}
 q - a potion of flight {unknown}
 t - 2 potions of degeneration {unknown}
 u - 2 potions of lignification
 w - a potion of berserk rage {unknown}


   Skills:
 - Level 2.9 Dodging
 - Level 2.9 Stealth
 + Level 4.0 Spellcasting
 + Level 5.5 Summonings


You had 6 spell levels left.
You knew the following spells:

 Your Spells              Type           Power      Damage    Failure   Level
a - Summon Small Mammal   Summ           92%        N/A       1%          1
b - Call Imp              Summ           46%        N/A       2%          2
c - Call Canine Familiar  Summ           23%        N/A       4%          3

Your spell library contained the following spells:

 Spells                   Type           Power      Damage    Failure   Level
 Apportation              Tloc           6%         N/A       14%         1
 Freeze                   Ice            12%        1d3       14%         1
 Necrotise                Necr           12%        1d4       14%         1
 Summon Guardian Golem    Hex/Summ       13%        N/A       14%         3
 Sublimation of Blood     Necr           3%         N/A       22%         2
 Wereblood                Tmut           3%         N/A       22%         2
 Frozen Ramparts          Ice            6%         1d1       41%         3
 Hailstorm                Conj/Ice       3%         3d3       41%         3
 Summon Lightning Spire   Summ/Air       13%        N/A       43%         4
 Summon Forest            Summ/Tloc      6%         N/A       78%         5
 Eringya's Noxious Bog    Tmut/Pois      1%         N/A       100%        6
 Summon Hydra             Summ           11%        N/A       100%        7


Dungeon Overview and Level Annotations

Branches:
Dungeon (4/15)
 Temple: D:4-7

Altars:
Elyvilon

Shops:
D:3 [


Innate Abilities, Weirdness & Mutations

You have sharp claws.
You have razor-sharp teeth.
You have supernaturally acute eyesight. (SInv)
You cover ground quickly. (Speed+)
You are covered in fur. (AC +1)
Your paws help you pounce on unaware monsters.
You are incapable of wielding weapons or throwing items.
You cannot wear armour.
You gain extra lives every three experience levels.


Message History

The wight hits your cerulean imp with a +5 morningstar.
Your cerulean imp misses the wight.
The wight hits your cerulean imp with a +5 morningstar!
Your cerulean imp dies!
Your cerulean imp disappears in a puff of smoke!
Your hound bites the wight.
The wight is destroyed!
Your Spellcasting skill increases to level 4!
You have reached level 5!
You feel agile. The wight barely misses your hound.
Your hound bites the wight but does no damage.
Your hound closely misses the wight.
The wight hits your hound with a +2 dire flail!
Your hound closely misses the wight.
The wight hits your hound with a +2 dire flail!
Your hound dies!
Your hound's corpse disappears in a puff of smoke!
There is a stone staircase leading up here.
You fly upwards.
There is a stone staircase leading down here.
You start resting.
Magic restored.
You fly downwards.
The wight misses you.
There is a stone staircase leading up here.
Casting: Call Canine Familiar (quite dangerous; 4% risk of failure)
Confirm with . or Enter, or press ? or * to list all spells.
The spell is quite dangerous to miscast (4% risk of failure)!
Continue anyway?
The wight hits you with a +2 dire flail!
You feel drained.
Your hound closely misses the wight.
Your hound closely misses the wight.
Your hound barely misses the wight.
Casting: Call Canine Familiar (quite dangerous; 4% risk of failure)
Confirm with . or Enter, or press ? or * to list all spells.
A tiny devil pulls itself out of the air.
Your hound closely misses the wight.
The wight hits you with a +2 dire flail!
Ouch! That really hurt!
You die...

##########.# #.....z....#
#.########.# #.# ..#.#
##########.# #.#.#
#...5....#.# #.#.#
######.######.#z#.####.#.#####
#.......# #.#.#.......z...z.
#......†#####@#.######.#z#####
#..........(5z#....z...#.#
#........###.h##########.#
#........# #(..<...>..[..#
######+#.# #.#############
#.#.# #.. #########.#.######
.........r.......#
....K............#


You could see a wight (ally target), a friendly hound (summoned) and a friendly
cerulean imp (summoned).

Vanquished Creatures (collateral kills)
  A wight (D:4)
  An iguana (D:4)
  2 gnolls (D:3)
  5 adders
  A dart slug (D:1)
  2 orcs
  7 endoplasms
  3 giant cockroaches
  5 goblins
  6 hobgoblins
  9 kobolds
  5 quokkas
  8 ball pythons
  8 bats
  5 frilled lizards
  7 rats
75 creatures vanquished.

Notes
Turn   | Place    | Note
-------+----------+-------------------------------------------
     0 | D:1      | rddays123 the Felid Summoner began the quest for the Orb.
     0 | D:1      | Reached XP level 1. HP: 7/7 MP: 4/4
   257 | D:1      | Reached XP level 2. HP: 11/11 MP: 3/6
   791 | D:2      | Found a white marble altar of Elyvilon.
   901 | D:2      | Learned a level 2 spell: Call Imp
   902 | D:2      | Reached XP level 3. HP: 14/14 MP: 5/7
  1632 | D:3      | Reached XP level 4. HP: 18/18 MP: 6/9
  1836 | D:3      | Found Vogahah's Armour Shop.
  1846 | D:3      | Identified the +2 falchion of Dim Light {speed, rF- rC+
                  | Int+4 SInv}
  1869 | D:3      | Learned a level 3 spell: Call Canine Familiar
  2450 | D:3      | Reached skill level 5 in Summonings
  2681 | D:3      | Identified 3 scrolls of acquirement
  2745 | D:2      | Acquired 1295 gold pieces
  2749 | D:2      | Acquired the ring "Paboar" {Fly rCorr Dex+2}
  2753 | D:2      | Acquired a Fen Folio
  3441 | D:4      | Killed from afar by an orc priest
  3442 | D:4      | Reached XP level 3. HP: -7/14 MP: 8/9
  3596 | D:4      | Reached XP level 4. HP: 18/18 MP: 8/10
  3900 | D:4      | Reached XP level 5. HP: 21/21 MP: 2/12
  3980 | D:4      | Slain by a wight

Illustrated notes

Levels and vault maps discovered:
D:1:      lemuel_arrival_tunnels, layout_basic, kennysheep_small_spiral,
          minmay_pentomino_u4
D:2:      layout_loops_ring, basic_altar
D:3:      minmay_razor_zed, layout_loops_ring, serial_shops, shop,
          kennysheep_nondescript
D:4:      layout_basic, xom_butterflies, hex_intersection, uniq_edmund

Skill      XL: |  1  2  3  4 |
---------------+-------------+-----
Spellcasting   | 3 4 |  4.0
Summonings     | 5 |  5.5
Dodging        | |  2.9
Stealth        | |  2.9

Action                     |  1- 3 |  4- 6 || total
---------------------------+-------+-------++-------
  Melee: Unarmed           |       |     2 ||     2
         Bite              |       |     1 ||     1
   Cast: Summon Small Mamm |    39 |    11 ||    50
         Call Imp          |     6 |    22 ||    28
         Call Canine Famil |     1 |    12 ||    13
    Use: Scroll            |       |     7 ||     7
 Armour: Skin              |     2 |     2 ||     4
  Dodge: Dodged            |    32 |    29 ||    61
